[Event "WYCC U16 Girls 2019"]
[Site "Mumbai"]
[Date "2019.10.12"]
[Round "11.11"]
[White "Moncada Correa, Sara"]
[Black "Dahampriya, H K T Dewnethmie"]
[Result "0-1"]
[ECO "B90"]
[WhiteElo "1939"]
[BlackElo "1629"]
[Annotator "NA"]
[PlyCount "100"]
[EventDate "2019.10.02"]
[EventType "swiss"]
[EventCountry "IND"]
[SourceTitle "playchess.com"]
[Source "ChessBase"]
[SourceQuality "1"]
[TimeControl "5400+30"]

1. e4 c5 2. Nf3 d6 3. d4 cxd4 4. Nxd4 Nf6 5. Nc3 a6 6. Be3 e5 7. Nf3 Be6 8. Ng5 Bg4 9. Be2 Bxe2 10. Qxe2 h6 11. Nf3 Nc6 12. O-O-O Be7 13. Nh4 g6 14. g3 Rc8 15. f4 Qa5 16. Nf3 b5 17. Kb1 Nb4 18. a3 Nc6 19. Nd2 b4 20. Nc4 Qc7 21. Bb6 Qb8 22. Nd5 O-O 23. fxe5 Nxd5 24. exd5 Nxe5 25. Nxe5 dxe5 26. Qxa6 bxa3 27. b3 Qd6 28. c4 Qb4 29. Rd3 e4 30. Ba5 Qc5 31. b4 Qxc4 32. Qxc4 Rxc4 33. Rxa3 Bxb4 34. Bxb4 Rxb4+ 35. Kc2 Rd4 36. Ra5 Rd8 37. Re1 f5 38. Ra6 Kf7 39. Ra7+ Kf6 40. Ra6+ Kg5 41. g4 fxg4 42. Rf1 R8xd5 43. Rff6 Rd2+ 44. Kc1 Rxh2 45. Rxg6+ Kf4 46. Raf6+ Rf5 47. Rxh6 Rxh6 48. Rxh6 g3 49. Rh4+ Kf3 50. Rh3 Kf2 0-1

[Event "WYCC U16 Girls 2019"]
[Site "Mumbai"]
[Date "2019.10.12"]
[Round "11.12"]
[White "Nasybullina, Dayana"]
[Black "Lesbekova, Asel"]
[Result "0-1"]
[ECO "A89"]
[WhiteElo "1858"]
[BlackElo "2013"]
[Annotator "NA"]
[PlyCount "60"]
[EventDate "2019.10.02"]
[EventType "swiss"]
[EventCountry "IND"]
[SourceTitle "playchess.com"]
[Source "ChessBase"]
[SourceQuality "1"]
[TimeControl "5400+30"]

1. c4 f5 2. d4 d6 3. Nf3 Nf6 4. Nc3 g6 5. g3 Bg7 6. Bg2 O-O 7. O-O Nc6 8. d5 Ne5 9. Nxe5 dxe5 10. e4 f4 11. gxf4 exf4 12. Bxf4 Nxe4 13. Qc1 Nxc3 14. bxc3 e6 15. Qe3 exd5 16. Bxd5+ Kh8 17. Be5 c6 18. Bxg7+ Kxg7 19. Qd4+ Qf6 20. Be4 Be6 21. Rfd1 Rfd8 22. Qc5 a6 23. Rab1 Rxd1+ 24. Rxd1 Rd8 25. Rd4 Kh6 26. a3 Re8 27. f3 Bh3 28. Kf2 Qf4 29. Qb6 Re5 30. Qc7 Qxh2+ 0-1